 Dungeon Crawl Stone Soup version 0.29.0-15-g675c0067aa (webtiles) character file.

Game seed: 7750478928723452333

40 qw the Sneak (level 3, -3/23 HPs)
             Began as a Gargoyle Delver on Sept 11, 2022.
             Slain by a bullfrog (5 damage)
             ... on level 4 of the Dungeon.
             The game lasted 00:00:04 (182 turns).

qw the Sneak (Gargoyle Delver)                       Turns: 182, Time: 00:00:05

Health: -3/23      AC:  6    Str: 17    XL:     3   Next: 50%
Magic:  3/3        EV: 11    Int: 10    God:
Gold:   0          SH:  0    Dex: 11    Spells: 2/2 levels left

rFire   . . .      SeeInvis .   a - +0 hand axe
rCold   . . .      Faith    .   (no shield)
rNeg    + . .      Spirit   .   b - +0 leather armour
rPois   inf        Reflect  .   (no helmet)
rElec   +          Harm     .   (no cloak)
rCorr   .          Rampage  .   (no gloves)
Will    .....                   (no boots)
Stlth   +++.......              (no amulet)
HPRegen 0.07/turn               (no ring)
MPRegen 0.08/turn               (no ring)

@: no status effects
A: sickness immunity, AC +3, negative energy resistance 1, electricity
resistance, torment resistance 1, petrification resistance
a: no special abilities


You were on level 4 of the Dungeon.
You visited 1 branch of the dungeon, and saw 2 of its levels.


Innate Abilities, Weirdness & Mutations

You are immune to sickness and miasma.
Your stone body is resilient. (AC +3)
You are immune to poison.
You resist negative energy. (rN+)
You are resistant to electric shocks. (rElec)
You are resistant to unholy torment.
You are immune to petrification.


   Skills:
 - Level 3.2 Fighting
 + Level 3.4 Axes
 - Level 1.5 Dodging
 - Level 5.4 Stealth


You had 2 spell levels left.
You didn't know any spells.
Your spell library was empty.

Inventory:

Hand Weapons
 a - a +0 hand axe (weapon)
Armour
 b - a +0 leather armour (worn)
Wands
 g - a wand of digging (3)
Potions
 f - a potion of haste

Dungeon Overview and Level Annotations

Branches:
Dungeon (5/15)
 Temple: D:4-7

Altars:


Message History

52 ||| Stepping ~*~*~tactically~*~*~ (stealth).
53 ||| Stepping ~*~*~tactically~*~*~ (stealth).
You start resting.
A ball python comes into view.
You barely miss the ball python.
The ball python hisses angrily.
The ball python bites you. The ball python grabs you.
The ball python constricts you.
You closely miss the ball python.
The ball python bites you but does no damage.
The ball python constricts you. The ball python barely misses you.
The ball python constricts you.
You slash the ball python!
You kill the ball python!
You start resting.
A bullfrog comes into view.
The bullfrog croaks.
You hit the bullfrog.
The bullfrog is lightly wounded.
The bullfrog closely misses you.
You closely miss the bullfrog.
The bullfrog is lightly wounded.
The bullfrog hits you. x2
You slash the bullfrog!
The bullfrog is heavily wounded.
The bullfrog barely misses you. x2
You hit the bullfrog.
The bullfrog is severely wounded.
The bullfrog barely misses you.
You closely miss the bullfrog.
The bullfrog is severely wounded.
The bullfrog hits you.
The bullfrog hits you but does no damage.
You barely miss the bullfrog.
The bullfrog is severely wounded.
The bullfrog misses you. The bullfrog hits you.
You slash the bullfrog!
The bullfrog is almost dead.
The bullfrog hits you.
You die...

###
#>###
#...#
#.#.####
#.#..F.+
#.#.#@##
#+#.#..+
!.####
...#
...S.
#...##
#...


You could see a bullfrog.

Vanquished Creatures
  A howler monkey (D:4)
  2 ball pythons (D:4)
3 creatures vanquished.

Notes
Turn   | Place    | Note
-------+----------+-------------------------------------------
     0 | D:5      | qw the Gargoyle Delver began the quest for the Orb.
     0 | D:5      | Reached XP level 1. HP: 14/14 MP: 1/1
     0 | D:5      | 0 ||| qw: Version: 0.1-a-118-gb4e7ce6
     0 | D:5      | 0 ||| qw: Game counter: 10264
     0 | D:5      | 0 ||| qw: Always use a shield: true
     0 | D:5      | 0 ||| qw: God list: Okawaru
     0 | D:5      | 0 ||| qw: Allow faded altars: false
     0 | D:5      | 0 ||| qw: Do Orc after D:15 true
     0 | D:5      | 0 ||| qw: Do second Lair branch before Depths: true
     0 | D:5      | 0 ||| qw: Lair rune preference: random
     0 | D:5      | 0 ||| qw: Plans: Normal
     0 | D:5      | 0 ||| PLANNING D:1-11
     0 | D:5      | 0 ||| DROPPING scroll of fog.
     1 | D:5      | 1 ||| DROPPING scroll of magic mapping.
     2 | D:5      | 2 ||| DROPPING scroll of fear.
     7 | D:4      | Noticed a howler monkey
    29 | D:4      | Killed a howler monkey
    30 | D:4      | Reached skill level 3 in Axes
    30 | D:4      | Reached XP level 2. HP: 9/19 MP: 2/2
    30 | D:4      | Reached XP level 3. HP: 11/23 MP: 3/3
    52 | D:4      | 52 ||| Stepping ~*~*~tactically~*~*~ (stealth).
    53 | D:4      | 53 ||| Stepping ~*~*~tactically~*~*~ (stealth).
   175 | D:4      | Noticed a bullfrog
   181 | D:4      | HP: 2/23 [bullfrog (5)]
   182 | D:4      | Slain by a bullfrog

Levels and vault maps discovered:
D:4:      layout_basic, nicolae_ru_path_of_blood, temple_green, serial_shops,
          shop, shop, shop, corexii_leaking_fountain
D:5:      layout_rooms, nicolae_overflow_crystal_walls, kennysheep_diamond

Skill      XL: |  1 |
---------------+----+-----
Axes           | 3 |  3.4
Fighting       | |  3.2
Dodging        | |  1.5
Stealth        | |  5.4

Action                   || total
-------------------------++-------
Melee: Hand axe          ||    21
 Stab: Sleeping          ||     1
Armor: Leather armour    ||     3
Dodge: Dodged            ||    12

Table legend:
 A = Non-vault XP
 B = Vault XP
 C = Vault XP percentage of total XP
 D = Non-vault monster count
 E = Vault monster count
 F = Vault count percentage of total count
                 A         B        C        D         E       F
            +---------+---------+-------+---------+---------+-------
      Total |      58 |       0 |   0.0 |       3 |       0 |   0.0
            +---------+---------+-------+---------+---------+-------
        D:4 |      58 |       0 |   0.0 |       3 |       0 |   0.0
            +---------+---------+-------+---------+---------+-------
